 Dungeon Crawl Stone Soup version 0.28.0-43-g3370ac3207 (webtiles) character file.

Game seed: 13077136000641224550

648 boopmooplesden the Slasher (level 7, -1/61 HPs)
             Began as a Minotaur Berserker on Mar 18, 2022.
             Was a Believer of Trog.
             Succumbed to a scorpion's poison
             ... on level 4 of the Dungeon.
             The game lasted 00:05:23 (4711 turns).

boopmooplesden the Slasher (Minotaur Berserker)     Turns: 4711, Time: 00:05:24

Health: -1/61      AC:  7    Str: 22    XL:     7   Next: 27%
Magic:  6/6        EV:  8    Int:  4    God:    Trog [**....]
Gold:   238        SH: 12    Dex: 11    Spells: 6/6 levels left

rFire   . . .      SeeInvis .   a - +0 falchion
rCold   . . .      Faith    .   f - +0 tower shield
rNeg    + . .      Spirit   .   j - +0 ring mail
rPois   .          Reflect  .   q - +1 hat
rElec   .          Harm     .   (no cloak)
rCorr   .          Rampage  .   (no gloves)
Will    ++...                   (no boots)
Stlth   +.........              (no amulet)
HPRegen 1.20/turn               h - ring of positive energy
MPRegen 0.10/turn               (no ring)

@: lethally poisoned (-1 -> -6), marked, strong-willed, on berserk cooldown,
regenerating, slowed, very slow
A: horns 2, retaliatory headbutt
a: Renounce Religion, Berserk, Trog's Hand


You were on level 4 of the Dungeon.
You worshipped Trog.
Trog was pleased with you.
You visited 1 branch of the dungeon, and saw 5 of its levels.

You collected 238 gold pieces.

Inventory:

Hand Weapons
 a - a +0 falchion (weapon)
 c - a +0 hunting sling
Missiles
 d - a throwing net (quivered)
 g - 5 boomerangs
Armour
 f - a +0 tower shield (worn)
 j - a +0 ring mail (worn)
 q - a +1 hat (worn)
Jewellery
 h - a ring of positive energy (left hand)
Wands
 i - a wand of flame (6)
Scrolls
 e - a scroll of blinking
 k - 2 scrolls of torment
 l - 2 scrolls of identify
 o - a scroll of fog {unknown}
 p - a scroll of immolation {unknown}


   Skills:
 + Level 5.3 Fighting
 + Level 6.3 Long Blades
 + Level 4.9 Armour
 + Level 3.5 Dodging
 + Level 1.5 Stealth
 + Level 3.1 Shields


You had 6 spell levels left.
You didn't know any spells.
Your spell library was empty.

Dungeon Overview and Level Annotations

Branches:
Dungeon (5/15)             Temple (0/1) D:4

Altars:
Ashenzari

Annotations:
D:3 2 transporters


Innate Abilities, Weirdness & Mutations

You have a pair of horns on your head.
You reflexively headbutt those who attack you in melee.


Message History

You feel sick.
You are no longer poisoned.
The scorpion closely misses you. You block the gnoll shaman's attack.
The gnoll hits you but does no damage.
The scorpion stings you but does no damage.
You block the gnoll's attack.
The gnoll shaman hits you with a +0 whip!
* * * LOW HITPOINT WARNING * * *
You climb upwards.
There is a stone staircase leading down here.
Unknown command.
It was a potion of curing.
You feel better. The scorpion stings you!
* * * LOW HITPOINT WARNING * * *
You block the gnoll's attack. You block the scorpion's attack.
You hit the scorpion but do no damage. The scorpion stings you!
* * * LOW HITPOINT WARNING * * *
You are lethally poisoned!
The scorpion poisons you! You block the gnoll shaman's attack.
The scorpion stings you but does no damage.
It was a potion of heal wounds.
You feel much better.
You feel very sick. The scorpion stings you.
You are more poisoned.
The scorpion poisons you! The gnoll shaman barely misses you.
You furiously retaliate!
You headbutt the gnoll shaman, but do no damage.
The scorpion barely misses you. You block the gnoll shaman's attack.
You're still recovering from your berserk rage.
Okay, then.
Your skin crawls.
You feel strong-willed.
You feel extremely sick. You block the scorpion's attack.
The gnoll shaman hits you with a +0 whip!
* * * LOW HITPOINT WARNING * * *
The scorpion stings you.
* * * LOW HITPOINT WARNING * * *
You hit the gnoll shaman.
The gnoll shaman is moderately wounded.
You die...

#.#.# #.##.# #.#.# #.##.#
#.#.# #.##.# ###.## ####.##.#
#...# #....##.# #.#.#
#.#####.# ##.#.## #g# #.#
#..#..# #g# #.# ##.###.## #@#
#.# ###..#.#..### #s##
##.###### ##...##.##...####.#
#.......#
...###...###...)#####.#####.#
####(..⌠...†..).......# #.#
...###...###....####### #.#
##...##.##...####..# #.#
.###..#.#..######..# #.# .#
##.###.##.......# #.#


You could see a gnoll shaman, a scorpion and a gnoll.

Vanquished Creatures
  An ice beast (D:5)
  A necrophage (D:4)
  2 ogres (D:4)
  A scorpion (D:5)
  A hound (D:4)
  Ijyb (D:3)
  An orc wizard (D:4)
  2 hound skeletons (D:4)
  3 gnolls (D:3)
  2 adders (D:2)
  A worm (D:4)
  2 dart slugs
  7 orcs
  8 ball pythons
  7 endoplasms
  2 giant cockroaches
  8 goblins
  9 hobgoblins
  6 kobolds
  5 quokkas
  6 bats
  4 frilled lizards
  13 rats
93 creatures vanquished.

Vanquished Creatures (others)
  3 plants (D:3)
3 creatures vanquished.

Grand Total: 96 creatures vanquished

Notes
Turn   | Place    | Note
-------+----------+-------------------------------------------
     0 | D:1      | boopmooplesden the Minotaur Berserker began the quest for
                  | the Orb.
     0 | D:1      | Reached XP level 1. HP: 19/19 MP: 0/0
   605 | D:1      | Reached XP level 2. HP: 27/27 MP: 1/1
   898 | D:2      | Reached skill level 4 in Long Blades
  1201 | D:2      | Reached ** piety under Trog
  1257 | D:2      | Reached XP level 3. HP: 33/33 MP: 2/2
  2271 | D:3      | Reached skill level 1 in Stealth
  2271 | D:3      | Reached skill level 1 in Shields
  2271 | D:3      | Reached XP level 4. HP: 41/41 MP: 3/3
  2554 | D:3      | Found a transporter.
  2645 | D:3      | Noticed Ijyb
  2653 | D:3      | Killed Ijyb
  2654 | D:3      | Reached skill level 5 in Long Blades
  2654 | D:3      | Reached XP level 5. HP: 42/47 MP: 4/4
  2821 | D:3      | Found a transporter.
  3173 | D:3      | Found a faded altar of an unknown god.
  3701 | D:4      | Noticed an ogre
  3725 | D:4      | Noticed a necrophage
  3727 | D:4      | Noticed an ogre
  3733 | D:4      | Killed an ogre
  3734 | D:4      | Reached XP level 6. HP: 30/55 MP: 5/5
  3735 | D:4      | Reached skill level 5 in Fighting
  3740 | D:4      | HP: 2/84 [ogre/+0 giant spiked club (14)]
  4147 | D:4      | Found a staircase to the Ecumenical Temple.
  4255 | D:4      | Found a broken altar of Ashenzari.
  4278 | D:4      | Reached skill level 6 in Long Blades
  4684 | D:5      | Entered Level 5 of the Dungeon
  4692 | D:5      | Noticed an ice beast
  4695 | D:5      | Reached XP level 7. HP: 61/61 MP: 6/6
  4710 | D:4      | HP: 3/61 [scorpion (6)]
  4711 | D:4      | Succumbed to a scorpion's poison

Illustrated notes

Levels and vault maps discovered:
D:1:      dpeg_arrival_connections, layout_loops_ring, serial_forest,
          infiniplex_forest_clump_small, infiniplex_forest_fountain,
          infiniplex_forest_lined_room_2, infiniplex_forest_zigzag_1,
          infiniplex_forest_zigzag_2, infiniplex_forest_clump_cross,
          infiniplex_forest_corner_1, infiniplex_forest_end_2,
          infiniplex_forest_clump_small, infiniplex_forest_straight_4
D:2:      layout_loops_corners, minmay_rat_gold_closets
D:3:      gammafunk_steamed_eel, layout_basic,
          shapermc_ecumenical_altar_hornbeckon, uniq_ijyb
D:4:      minmay_general_purpose_star, layout_loops_ring,
          mainiacjoe_overflow_24_doors, temple_green, grunt_tough_drop
D:5:      layout_gridville, lemuel_doored_altar, gammafunk_temple_overflow_claw

Skill      XL: |  1  2  3  4  5  6 |
---------------+-------------------+-----
Fighting       | 4 5 |  5.3
Long Blades    | 4 5 6 |  6.3
Stealth        | 1 |  1.5
Shields        | 1 2 3 |  3.1
Dodging        | 3 |  3.5
Armour         | 3 4 |  4.9

Action                   |  1- 3 |  4- 6 |  7- 9 || total
-------------------------+-------+-------+-------++-------
Melee: Falchion          |    99 |   106 |     4 ||   209
       Headbutt          |     9 |    12 |     1 ||    22
Invok: Berserk           |     1 |     4 |       ||     5
       Trog's Hand       |       |       |     1 ||     1
  Use: Scroll            |     6 |       |       ||     6
       Potion            |       |       |     2 ||     2
 Stab: Sleeping          |     5 |       |       ||     5
Armor: Animal skin       |    17 |     1 |       ||    18
       Ring mail         |       |    23 |     4 ||    27
Dodge: Dodged            |    34 |    21 |     6 ||    61
Block: Tower shield      |    30 |    48 |    12 ||    90
